 Dungeon Crawl Stone Soup version 0.17-a0-1625-g47e540b (webtiles) character file.

21 maniek23 the Stinger (level 2, -1/22 HPs)
             Began as a Naga Venom Mage on Aug 2, 2015.
             Slain by a rat (3 damage)
             ... on level 2 of the Dungeon.
             The game lasted 00:03:28 (769 turns).

maniek23 the Stinger (Naga Venom Mage)               Turns: 769, Time: 00:03:28

Health: -1/22      AC:  1    Str: 10    XL:     2   Next: 87%
Magic:  2/5        EV: 10    Int: 15    God:
Gold:   95         SH:  0    Dex: 11    Spells: 2 memorised, 2 levels left

rFire  . . .     SeeInvis +     j - +0 short sword
rCold  . . .     Clarity  .     a - +0 robe
rNeg   . . .     SustAt   .     (no shield)
rPois  +         Gourm    .     (no helmet)
rElec  .         Spirit   .     (no cloak)
rCorr  .         Warding  .     (no gloves)
rMut   .         Stasis   .     (no barding)
MR     .....                    (no amulet)
Stlth  ++........               (no ring)
                                (no ring)

@: very slow, not resistant to hostile enchantments, unstealthy
A: see invisible, deformed body, poison resistance, slowness 2, slow metabolism
1, spit poison 2, AC +0
a: Spit Poison


You were on level 2 of the Dungeon.
You were not hungry.

You visited 1 branch of the dungeon, and saw 2 of its levels.

You collected 95 gold pieces.

Inventory:

Hand weapons
 e - a +0 spear
 j - a +0 short sword (weapon)
Armour
 a - a +0 robe (worn)
 p - a +0 leather armour
Scrolls
 d - a scroll of magic mapping {unknown}
 f - 2 scrolls of teleportation {unknown}
 g - 2 scrolls of remove curse {unknown}
 h - a scroll of noise {unknown}
 i - a scroll of amnesia {unknown}
 l - a scroll of enchant armour {unknown}
 n - a scroll of blinking {unknown}
Potions
 k - a potion of curing {unknown}
 m - a potion of might {unknown}
Books
 b - a Young Poisoner's Handbook

   Spells                             Type                      Level
   a - Sting                          Conjuration/Poison           1
   b - Cure Poison                    Poison                       2
   c - Mephitic Cloud                 Conjuration/Poison/Air       3
   d - Olgreb's Toxic Radiance        Poison                       4
   e - Venom Bolt                     Conjuration/Poison           5
Comestibles
 c - a bread ration


   Skills:
 + Level 0.2 Fighting
 + Level 1.7 Dodging
 + Level 3.4 Stealth
 + Level 2.3 Spellcasting
 + Level 5.7 Poison Magic


You had 2 spell levels left.
You knew the following spells:

 Your Spells              Type           Power        Failure   Level  Hunger
a - Sting                 Conj/Pois      ##..         10%         1    #......
b - Cure Poison           Pois           ###.......   3%          2    ###....


Dungeon Overview and Level Annotations

Branches:
Dungeon (2/15)

Altars:


Innate Abilities, Weirdness & Mutations

You cannot wear boots.
Your serpentine skin is tough (AC +0).
You have supernaturally acute eyesight.
Armour fits poorly on your strangely shaped body.
Your system is resistant to poisons.
You cover ground very slowly.
You have a slow metabolism.
You can spit poison.


Message History

The adder misses you. The rat barely misses you.
You miss the adder.
The adder is heavily wounded.
The adder bites you. The rat bites you but does no damage. The adder bites you.
* * * LOW HITPOINT WARNING * * *
You are poisoned.
The adder poisons you!
You miss the adder.
The adder is heavily wounded.
* * * LOW HITPOINT WARNING * * *
You feel sick. The adder bites you.
* * * LOW HITPOINT WARNING * * *
You are more poisoned.
The adder poisons you! The rat bites you.
* * * LOW HITPOINT WARNING * * *
Casting: Sting
Confirm with . or Enter, or press ? or * to list all spells.
You are no longer poisoned.
The adder closely misses you. The rat bites you.
You die...

_#.........# #..........##
...>.......# #...........
#...<....># #.........#
#.........# #.S@r.....#
##### ##.......## ....#
##.....## ....# ####.##
....### #.$# #. ......##
##.#####.. ###)#..###
#.........
#....<.##########.........
####.#..........#.........


You could see an adder and a rat.

Vanquished Creatures
  An adder (D:2)
  A goblin (D:1)
  2 bats (D:1)
  2 jackals (D:1)
  5 kobolds
  3 rats
14 creatures vanquished.

Notes
Turn   | Place    | Note
--------------------------------------------------------------
     0 | D:1      | maniek23 the Naga Venom Mage began the quest for the Orb.
     0 | D:1      | Reached XP level 1. HP: 15/15 MP: 3/3
   398 | D:1      | Reached XP level 2. HP: 22/22 MP: 0/5
   729 | D:2      | Learned a level 2 spell: Cure Poison
   760 | D:2      | Found a faded altar to an unknown god.
   769 | D:2      | Slain by a rat

Vault maps used:
D:1:      dpeg_arrival_chase
D:2:      nicolae_qazlal_general_emergency, ecumenical_altar_1

Action                   || total
-------------------------++-------
Melee: Spear             ||    16
       Short sword       ||    33
 Cast: Sting             ||     7
       Cure Poison       ||     1
 Stab: Sleeping          ||     4
